 Dungeon Crawl Stone Soup version 0.23.2-30-g0e89c35649 (webtiles) character file.

Game seed: 11234156677713076871

1136 diana the Shield-Bearer (level 8, -3/70 HPs)
             Began as a Minotaur Fighter on June 13, 2019.
             Was a Follower of Okawaru.
             Splashed by a crimson imp's acid (11 damage)
             ... on level 6 of the Dungeon.
             The game lasted 00:07:02 (4513 turns).

diana the Shield-Bearer (Minotaur Fighter)          Turns: 4513, Time: 00:07:02

Health: -3/70      AC:  4    Str: 22    XL:     8   Next: 14%
Magic:  7/7        EV:  9    Int:  5    God:    Okawaru [*.....]
Gold:   285        SH: 11    Dex: 11    Spells: 7/7 levels left

rFire    . . .     SeeInvis .   a - +1 war axe
rCold    . . .     Gourm    .   c - +1 shield
rNeg     . . .     Faith    .   b - +0 scale mail
rPois    +         Spirit   .   (helmet restricted)
rElec    .         Reflect  .   (no cloak)
rCorr    .         Harm     .   r - +0 pair of gloves
MR       .....     Rnd*Tele +   (no boots)
Stlth    ..........             (no amulet)
HPRegen  0.21/turn              e - ring of poison resistance
MPRegen  0.10/turn              x - ring of teleportation (curse)

@: corroded, drained
A: retaliatory headbutt, horns 2
a: Heroism, Renounce Religion


You were on level 6 of the Dungeon.
You worshipped Okawaru.
Okawaru was aware of your devotion.
You were hungry.

You visited 2 branches of the dungeon, and saw 7 of its levels.

You collected 285 gold pieces.

Inventory:

Hand Weapons
 a - a +1 war axe (weapon)
Missiles
 y - 2 throwing nets (quivered)
Armour
 b - a +0 scale mail (worn)
 c - a +1 shield (worn)
 r - a +0 pair of gloves (worn)
Jewellery
 e - a ring of poison resistance (left hand)
 i - an uncursed ring of fire
 x - a cursed ring of teleportation (right hand)
Wands
 n - a wand of flame (21)
Scrolls
 h - 5 scrolls of immolation
 j - 2 scrolls of teleportation
 k - 4 scrolls of enchant armour
 m - a scroll of blinking
 o - a scroll of fear
 s - a scroll of acquirement {unknown}
Potions
 d - 2 potions of might
 g - 3 potions of mutation
 l - 2 potions of heal wounds {unknown}
 p - 4 potions of agility {unknown}
 q - 2 potions of brilliance {unknown}
 t - a potion of invisibility {unknown}
 u - 2 potions of curing {unknown}
 v - a potion of degeneration {unknown}
 w - a potion of cancellation {unknown}
Comestibles
 f - 9 rations


   Skills:
 + Level 6.2(5.6) Fighting
 + Level 5.6(4.9) Axes
 + Level 6.2(5.5) Armour
 + Level 4.5(3.9) Dodging
 + Level 6.3(5.6) Shields


You had 7 spell levels left.
You didn't know any spells.
Your spell library contained the following spells:

 Spells                   Type           Power        Failure   Level  Hunger
 Pain                     Necr           #...         99%         1    ##.....


Dungeon Overview and Level Annotations

Branches:
Dungeon (6/15)             Temple (1/1) D:4

Altars:
Ashenzari
Cheibriados
Elyvilon
Fedhas
Gozag
Hepliaklqana
Kikubaaqudgha
Okawaru
Ru
Sif Muna
Trog
Uskayaw
Vehumet
Wu Jian
Zin
The Shining One
Lugonu


Innate Abilities, Weirdness & Mutations

You reflexively headbutt those who attack you in melee.
You have a pair of horns on your head.


Message History

You are too injured to fight recklessly!
You are too injured to fight recklessly!
You are too injured to fight recklessly!
You are too injured to fight recklessly!
You are too injured to fight recklessly!
You are too injured to fight recklessly!
You are too injured to fight recklessly!
You are too injured to fight recklessly!
You closely miss the crimson imp. Your headbutt misses the crimson imp.
The crimson imp zaps a wand.
The bolt of acid misses you. The crimson imp closely misses you.
You miss the crimson imp.
The crimson imp zaps a wand.
The bolt of acid misses you.
You closely miss the crimson imp.
The crimson imp hits you but does no damage.
You closely miss the crimson imp. The crimson imp closely misses you.
The crimson imp zaps a wand.
The bolt of acid hits you!!
* * * LOW HITPOINT WARNING * * *
You are splashed with acid!
You die...

###......# # #......... #
#.#..^...# # .........### #
........... # .........# # #.# #
#.# ############
#@#####...........
#5......#######.## #...._...# #.#
######### ##........#### #.#
#####.......# #...#####....# #.##
........###.###...#((.#.##.# #.##
.####.#...........#...#..#.###.##
.##.#.#.###.##....#####........##
.#.#........###.........##.######


You could see 2 dancing weapons and a crimson imp.

Vanquished Creatures
  A sky beast (D:6)
  A black bear (D:6)
  A phantom (D:6)
  A bullfrog (D:6)
  5 wights (D:6)
  A howler monkey (D:4)
  2 hounds
  An orc wizard (D:5)
  A centaur skeleton (D:6)
  Jessica (D:2)
  6 worker ants
  8 gnolls
  7 adders
  4 shadow imps
  An ooze (D:1)
  2 adder skeletons
  5 worms
  3 dart slugs (D:1)
  4 leopard geckos
  6 orcs
  8 giant cockroaches
  4 goblins
  7 hobgoblins
  7 jackals
  5 kobolds
  4 quokkas
  A ball python (D:2)
  A ball python skeleton (D:4)
  5 bats
  5 frilled lizards
  A quokka skeleton (D:4)
  10 rats
119 creatures vanquished.

Notes
Turn   | Place    | Note
-------+----------+-------------------------------------------
     0 | D:1      | diana the Minotaur Fighter began the quest for the Orb.
     0 | D:1      | Reached XP level 1. HP: 19/19 MP: 0/0
    56 | D:1      | Reached XP level 2. HP: 25/27 MP: 1/1
   287 | D:1      | Reached skill level 1 in Dodging
   307 | D:1      | Reached XP level 3. HP: 20/33 MP: 2/2
   728 | D:2      | Found a faded altar of an unknown god.
   741 | D:2      | Noticed Jessica
   753 | D:2      | Killed Jessica
   753 | D:2      | Reached XP level 4. HP: 25/40 MP: 3/3
  1054 | D:2      | Found a radiant altar of Vehumet.
  1054 | D:2      | Found an ancient bone altar of Kikubaaqudgha.
  1055 | D:2      | Found a deep blue altar of Sif Muna.
  1060 | D:2      | Identified Kikubaaqudgha's Reference Book on Darkness
  1455 | D:3      | Reached XP level 5. HP: 42/47 MP: 4/4
  1642 | D:3      | Found an ornate altar of the Wu Jian Council.
  1989 | D:4      | Found a sacrificial altar of Ru.
  2005 | D:4      | Reached XP level 6. HP: 28/55 MP: 5/5
  2170 | D:4      | Found an opulent altar of Gozag.
  2282 | D:4      | Reached skill level 5 in Fighting
  2282 | D:4      | Reached skill level 5 in Shields
  2313 | D:4      | Reached skill level 5 in Armour
  2339 | D:4      | Found a staircase to the Ecumenical Temple.
  2391 | Temple   | Entered the Ecumenical Temple
  2407 | Temple   | Became a worshipper of Warmaster Okawaru
  2450 | D:4      | Found a bloodstained altar of Trog.
  2575 | D:5      | Entered Level 5 of the Dungeon
  3411 | D:5      | Reached XP level 7. HP: 61/61 MP: 6/6
  3645 | D:6      | Noticed a +0 hand axe
  3646 | D:6      | Found a hide-covered altar of Uskayaw.
  3647 | D:6      | Noticed a +0 hand axe
  3686 | D:6      | Found a glowing silver altar of Zin.
  3808 | D:6      | Reached skill level 5 in Axes
  3977 | D:6      | Found a blossoming altar of Fedhas.
  4078 | D:6      | Reached * piety under Okawaru
  4089 | D:6      | Reached XP level 8. HP: 43/70 MP: 4/7
  4513 | D:6      | Splashed by a crimson imp's acid

Skill      XL: |  1  2  3  4  5  6  7 |
---------------+----------------------+-----
Dodging        | 1 2 3 4 |  4.5
Fighting       | 4 5 6 |  6.2
Shields        | 4 5 6 |  6.3
Armour         | 4 5 6 |  6.2
Axes           | 3 4 5 |  5.6

Action                   |  1- 3 |  4- 6 |  7- 9 || total
-------------------------+-------+-------+-------++-------
Melee: War axe           |    76 |   177 |    66 ||   319
       Headbutt          |    15 |    32 |    10 ||    57
Invok: Heroism           |       |       |     1 ||     1
  Use: Scroll            |       |     8 |       ||     8
  Eat: Chunk             |       |     8 |     3 ||    11
Armor: Scale mail        |    45 |    63 |    17 ||   125
Dodge: Dodged            |    29 |    73 |    26 ||   128
Block: Shield            |    27 |   108 |    28 ||   163
